 Dungeon Crawl Stone Soup version 0.18.1-47-g9310371 (webtiles) character file.

91105 Gagarin the Severer (level 15, -14/144 HPs)
             Began as a Deep Dwarf Fighter on June 18, 2016.
             Was the Champion of Pakellas.
             Demolished by an anaconda simulacrum (30 damage)
             ... in an ice cave on June 19, 2016.
             The game lasted 02:22:46 (22684 turns).

Gagarin the Severer (Deep Dwarf Fighter)           Turns: 22684, Time: 02:22:47

Health: -14/144    AC: 34    Str: 32    XL:     15   Next: 54%
Magic:  4/14       EV: 13    Int:  8    God:    Pakellas [******]
Gold:   2016       SH:  0    Dex: 17    Spells: 0 memorised, 14 levels left

rFire  . . .     SeeInvis +     o - +8 battleaxe (flame)
rCold  . . .     Gourm    .     A - +3 plate armour of Efoybahinku {rN+ Str+4 Int-2 Dex+2}
rNeg   + + .     Faith    .     (shield currently unavailable)
rPois  .         Spirit   .     s - +2 helmet
rElec  .         Dismiss  .     t - +0 cloak
rCorr  .         Reflect  .     M - +1 pair of gloves
SustAt .         Harm     .     v - +2 pair of boots
MR     ++...                    a - amulet of rage
Stlth  ..........               I - +4 ring of protection
                                w - ring of the Falcon {Str+3 Dex+3 Slay+5 SInv}

@: non-regenerating, very resistant to hostile enchantments, extremely
unstealthy
A: damage resistance, recharge devices, negative energy resistance 1, sense
surroundings 2, slow regeneration 3
a: Device Recharging, Quick Charge, Device Surge, Renounce Religion, Evoke
Berserk Rage


You were in an ice cave.
You worshipped Pakellas.
Pakellas was exalted by your worship.
You were not hungry.

You visited 5 branches of the dungeon, and saw 23 of its levels.
You visited the Abyss 1 time.
You also visited: Ice Cave and Volcano.

You collected 2136 gold pieces.
You spent 90 gold pieces at shops.

Inventory:

Hand Weapons
 o - a +8 battleaxe of flaming (weapon)
 z - a +2 hand crossbow of freezing
Missiles
 y - 184 bolts
Armour
 s - a +2 helmet (worn)
 t - a +0 cloak (worn)
 v - a +2 pair of boots (worn)
 A - the +3 plate armour of Efoybahinku (worn) {rN+ Str+4 Int-2 Dex+2}
   (You found it on level 4 of the Lair of Beasts)

   It affects your strength (+4).
   It affects your intelligence (-2).
   It affects your dexterity (+2).
   It protects you from negative energy.
 M - a +1 pair of gloves (worn)
Rods
 C - a +5 rod of clouds (12/12)
   (Pakellas gifted it to you on level 8 of the Lair of Beasts)
Jewellery
 a - an amulet of rage (around neck)
 w - the ring of the Falcon (left hand) {Str+3 Dex+3 Slay+5 SInv}
   (You found it on level 2 of the Orcish Mines)

   [ring of see invisible]

   It affects your strength (+3).
   It affects your dexterity (+3).
   It affects your accuracy and damage with ranged weapons and melee attacks
   (+5).
   It lets you see invisible.
 I - a +4 ring of protection (right hand)
Wands
 e - a supercharged wand of heal wounds (2/13)
 j - a wand of paralysis (5/24)
 x - a wand of digging (8/24)
 L - a wand of flame (22/48)
 N - a wand of acid (4/15)
 Q - a wand of lightning (8/15)
 Y - a wand of enslavement (10/24)
 Z - a wand of confusion (11/48)
Scrolls
 b - a scroll of silence
 d - 2 scrolls of teleportation
 i - 6 scrolls of identify
 k - 2 scrolls of magic mapping
 l - a scroll of summoning
 n - 3 scrolls of fog
 p - a scroll of amnesia
 q - 5 scrolls of remove curse
 E - a scroll of enchant armour
 K - a scroll of enchant weapon
 T - 4 scrolls of blinking
 V - 2 scrolls of fear
Potions
 c - a potion of cure mutation
 g - a potion of haste
 h - 8 potions of curing
 m - a potion of might
 D - a potion of flight
 U - 9 potions of magic
 X - a potion of cancellation
Miscellaneous
 r - 2 phantom mirrors
 B - a disc of storms
 J - a plain deck of defence {drawn: 4}
Comestibles
 f - 20 bread rations
 u - 15 meat rations
 F - 2 royal jellies
 G - 14 chunks of flesh
 H - 4 beef jerkies


   Skills:
 + Level 12.1 Fighting
 + Level 16.8 Axes
 + Level 6.1 Crossbows
 + Level 13.0 Armour
 + Level 7.2 Dodging
 + Level 3.5 Stealth
   Level 11.1 Shields
   Level 4.9 Invocations
 + Level 8.9 Evocations


You had 14 spell levels left.
You didn't know any spells.

Dungeon Overview and Level Annotations

Branches:
Dungeon (11/15)            Temple (1/1) D:6            Lair (8/8) D:9
 Shoals (1/4) Lair:3       Spider (0/4) Lair:4        Slime (0/6) Lair:7
    Orc (2/2) D:11            Elf (0/3) Orc:2

Altars:
Ashenzari
Cheibriados
Dithmenos
Elyvilon
Fedhas
Gozag
Kikubaaqudgha
Makhleb
Nemelex Xobeh
Okawaru
Pakellas
Qazlal
Ru
Sif Muna
Trog
Vehumet
Xom
Yredelemnul
Zin
The Shining One
Beogh
Jiyva

Shops:
Orc:2 *:*}


Innate Abilities, Weirdness & Mutations

You are resistant to damage.
You can recharge devices by infusing magical energy.
You resist negative energy.
You passively map the area around you.
You do not regenerate naturally.


Message History

The anaconda simulacrum bites you but does no damage.
The anaconda simulacrum misses you. The anaconda simulacrum bites you.
The anaconda simulacrum freezes you!!
* * * LOW HITPOINT WARNING * * *
You hit the anaconda simulacrum.
You melt the anaconda simulacrum.
The anaconda simulacrum constricts you but does no damage.
The anaconda simulacrum bites you.
* * * LOW HITPOINT WARNING * * *
The anaconda simulacrum freezes you!
* * * LOW HITPOINT WARNING * * *
Charge which item? (? for menu, Esc to quit)
Your supercharged wand of heal wounds (0/13) glows for a moment and now has 2 charges.
You feel somewhat more hungry.
The anaconda simulacrum constricts you but does no damage.
The anaconda simulacrum completely misses you.
The anaconda simulacrum constricts you.
* * * LOW HITPOINT WARNING * * *
The anaconda simulacrum freezes you!!
You die...
Pakellas says: Back to the drawing board!

, ,* *, ####.... ***
#+#+#+#+# * #..#....
* #.......+ +.4#....
,*
#.8.8.8.########....
,
#............#......
*
+............'.....⌠
#............#......
, * *
#.8.8.8.########....
* ,,,#..@....'.#
+44#.... ** * 8
#+#Z#'#'### #.4#....
* #.#.#.# ####.... ,
*####### ** #..... *
+ , ,, ###... ** *
** *###


You could see an anaconda simulacrum.

Vanquished Creatures
  Rupert (Lair:4)
  Gastronok (Lair:2)
  2 orc warlords
  2 merfolk javelineers (Shoals:1)
  Snorg (D:10)
  A fire dragon (Lair:8)
  3 hydras
  Fannar (Lair:2)
  A centaur warrior (D:9)
  14 death yaks
  A merfolk aquamancer (Shoals:1)
  5 orc high priests (Orc:2)
  The ghost of spiff the Cleaver, a novice DDFi of Makhleb (D:7)
  Nergalle (Lair:4)
  Sonja (D:11)
  Pikel (D:6)
  3 hill giants
  4 orc knights (Orc:2)
  2 griffons
  5 orc sorcerers
  An ugly thing (D:11)
  2 wolf spiders (Lair:8)
  A hornet (Lair:8)
  A manticore (D:11)
  5 sirens
  8 elephants
  12 black mambas
  A guardian serpent (Lair:8)
  2 ice statues (IceCv)
  20 spiny frogs
  2 torpor snails (Lair:7)
  7 komodo dragons
  2 anaconda simulacra (IceCv)
  4 rime drakes
  3 ice devils (IceCv)
  5 merfolk
  11 trolls
  3 two-headed ogres (Orc:2)
  A polar bear (Lair:2)
  Grinder (D:3)
  A slime creature (shapeshifter) (D:7)
  14 blink frogs
  A spriggan (Lair:2)
  39 orc warriors
  3 water elementals (Shoals:1)
  24 yaks
  7 wyverns
  Sigmund (D:4)
  A vampire (D:10)
  3 redbacks
  6 basilisks
  3 fire bats (Lair:1)
  8 hippogriffs
  Menkaure (D:4)
  6 steam dragons
  A harpy simulacrum (IceCv)
  6 mottled dragons
  13 wargs
  Duvessa (D:4)
  26 water moccasins
  10 porcupines
  10 ice beasts
  2 black bears
  2 sky beasts
  A phantom (D:7)
  3 wasps (Lair:8)
  12 ogres
  8 centaurs
  7 wolves
  10 crocodiles
  3 big kobolds
  13 giant frogs
  A gnoll sergeant (Orc:1)
  A water moccasin skeleton (D:11)
  Dowan (D:4)
  2 scorpions
  4 killer bees (D:11)
  2 wights (D:11)
  4 electric eels
  6 howler monkeys
  3 crimson imps
  2 centaur zombies
  A quasit (D:9)
  A gnoll shaman (Orc:2)
  4 hounds
  A giant frog skeleton (D:5)
  32 orc priests
  2 jellies (D:6)
  14 orc wizards
  2 centaur skeletons
  Crazy Yiuf (D:2)
  Jessica (D:3)
  13 iguanas
  5 hell rats (Lair:5)
  10 worker ants
  26 sheep
  A hound zombie (D:5)
  12 gnolls
  11 adders
  77 river rats
  A shadow imp (D:7)
  2 oozes
  An adder zombie (D:8)
  3 worms
  2 dart slugs
  5 giant geckos
  109 orcs
  7 giant cockroaches
  8 goblins
  6 hobgoblins
  22 jackals
  21 kobolds
  2 quokkas
  3 ball pythons
  5 bats
  8 giant newts
  3 rats
  A bush (Lair:7)
  10 fungi
  14 plants
862 creatures vanquished.

Vanquished Creatures (others)
  A merfolk aquamancer (Shoals:1)
  A fire bat (Volcano)
  A slave (D:6)
  A worker ant (Lair:8)
  5 river rats (Lair:2)
  A worm (D:6)
  A jackal zombie (D:6)
  19 fungi
  10 plants
40 creatures vanquished.

Grand Total: 902 creatures vanquished

Notes
Turn   | Place    | Note
--------------------------------------------------------------
     0 | D:1      | Gagarin the Deep Dwarf Fighter began the quest for the Orb.
     0 | D:1      | Reached XP level 1. HP: 20/20 MP: 1/1
    42 | D:1      | Reached XP level 2. HP: 25/27 MP: 2/2
   764 | D:2      | Found a snail-covered altar of Cheibriados.
   789 | D:2      | Reached XP level 3. HP: 28/34 MP: 3/3
   992 | D:2      | Noticed Crazy Yiuf
  1058 | D:2      | Killed Crazy Yiuf
  1158 | D:2      | Reached skill level 1 in Dodging
  1249 | D:2      | Reached XP level 4. HP: 32/42 MP: 4/4
  1334 | D:3      | Noticed Jessica
  1342 | D:3      | Killed Jessica
  1474 | D:3      | Noticed Grinder
  1484 | D:3      | Killed Grinder
  1484 | D:3      | Reached skill level 3 in Axes
  1484 | D:3      | Reached XP level 5. HP: 47/50 MP: 5/5
  1484 | D:3      | Reached XP level 6. HP: 54/57 MP: 6/6
  1701 | D:3      | Reached skill level 4 in Axes
  1753 | D:3      | Found Zin's Purification Station.
  1758 | D:3      | Found a glowing silver altar of Zin.
  1853 | D:3      | Bought a potion of curing for 90 gold pieces
  2119 | D:3      | Noticed a sky beast
  2140 | D:3      | Killed a sky beast
  2140 | D:3      | Reached skill level 5 in Armour
  2140 | D:3      | Reached XP level 7. HP: 23/64 MP: 7/7
  2150 | D:3      | You fall through a shaft for 3 floors!
  2307 | D:5      | Entered Level 5 of the Dungeon
  2414 | D:5      | Reached skill level 1 in Evocations
  2466 | D:5      | Reached skill level 5 in Shields
  2567 | D:4      | Found a bloodstained altar of Trog.
  2595 | D:4      | Noticed Dowan
  2596 | D:4      | Noticed Duvessa
  2652 | D:4      | Reached skill level 5 in Axes
  2836 | D:4      | Noticed Sigmund
  2899 | D:4      | Killed Dowan
  2928 | D:4      | Killed Duvessa
  2928 | D:4      | Reached XP level 8. HP: 20/73 MP: 8/8
  3209 | D:5      | Got a slimy long sword
  3400 | D:5      | Reached skill level 6 in Axes
  3589 | D:6      | Noticed Pikel
  3609 | D:6      | Killed Pikel
  3609 | D:6      | Reached skill level 7 in Axes
  3609 | D:6      | Reached skill level 5 in Dodging
  3609 | D:6      | Reached skill level 1 in Stealth
  3737 | D:6      | Gained mutation: You passively map the area around you. [Deep Dwarf growth]
  3737 | D:6      | Reached XP level 9. HP: 57/80 MP: 8/8
  3776 | D:6      | Reached skill level 5 in Fighting
  4194 | D:6      | Found a staircase to the Ecumenical Temple.
  4216 | Temple   | Entered the Ecumenical Temple
  4312 | Temple   | Became a worshipper of Elyvilon the Healer
  4549 | D:4      | Found a shadowy altar of Dithmenos.
  4744 | D:4      | Killed Sigmund
  4798 | D:4      | Noticed Menkaure
  4803 | D:4      | Killed Menkaure
  4803 | D:4      | Reached skill level 8 in Axes
  5252 | D:7      | Noticed spiff's ghost (novice DDFi)
  5284 | D:7      | Noticed Joseph
  5285 | D:7      | Noticed Joseph
  5285 | D:7      | Joseph changed into Joseph the shapeshifter
  5286 | D:7      | Noticed Joseph
  5286 | D:7      | Joseph the shapeshifter changed into Joseph the fire crab
  5298 | D:7      | Noticed Joseph
  5298 | D:7      | Joseph the fire crab changed into Joseph the spriggan
  5322 | D:7      | Killed spiff's ghost
  5328 | D:7      | Noticed Joseph
  5328 | D:7      | Joseph the spriggan changed into Joseph the tarantella
  5331 | D:7      | Noticed Joseph
  5331 | D:7      | Joseph the tarantella changed into Joseph the moth of wrath
  5338 | D:7      | Noticed Joseph
  5338 | D:7      | Joseph the moth of wrath changed into Joseph the eye of devastation
  5341 | D:7      | HP: 4/82 [disintegration (24)]
  5351 | D:7      | Noticed Joseph
  5351 | D:7      | Joseph the eye of devastation changed into Joseph the slime creature
  5354 | D:7      | Killed Joseph the slime creature
  5398 | D:7      | Found a radiant altar of Vehumet.
  5446 | D:7      | Reached XP level 10. HP: 45/91 MP: 7/7
  5596 | D:7      | Reached * piety under Elyvilon
  5875 | D:8      | Reached skill level 9 in Axes
  5885 | D:8      | Found an oddly glowing altar of Pakellas.
  6166 | D:8      | Noticed a hill giant
  6225 | D:8      | Killed a hill giant
  6401 | D:8      | Reached skill level 1 in Crossbows
  6603 | D:9      | Found a staircase to the Lair.
  6788 | D:9      | Reached skill level 1 in Invocations
  7133 | D:9      | Noticed a centaur warrior
  7143 | D:9      | Killed a centaur warrior
  7298 | D:9      | Found a basalt altar of Yredelemnul.
  7298 | D:9      | Found an iron altar of Okawaru.
  7599 | Lair:1   | Entered Level 1 of the Lair of Beasts
  7664 | Lair:1   | Reached ** piety under Elyvilon
  7667 | Lair:1   | Noticed a spiny frog
  7677 | Lair:1   | Killed a spiny frog
  7973 | Lair:1   | Reached XP level 11. HP: 58/99 MP: 8/8
  8183 | Lair:1   | Found a dark tunnel.
  8188 | Lair:1   | Reached skill level 10 in Axes
  8215 | Volcano  | Entered a volcano
  8215 | Volcano  | Noticed sveltemanboy's ghost (journeyman OgHu)
  8218 | Volcano  | Noticed spiff's ghost (journeyman DDFi)
  8799 | Lair:2   | Reached skill level 10 in Shields
  8871 | Lair:2   | Noticed Fannar
  8945 | Lair:2   | Killed Fannar
  9052 | Lair:2   | Noticed Gastronok
  9081 | Lair:2   | Killed Gastronok
  9081 | Lair:2   | Reached skill level 11 in Axes
  9326 | Lair:2   | Reached XP level 12. HP: 34/109 MP: 9/9
  9565 | D:8      | Fell from the grace of Elyvilon
  9565 | D:8      | Became a worshipper of Pakellas the Inventive
 10397 | Lair:3   | Found a staircase to the Shoals.
 10521 | Lair:2   | Identified the +3 long sword of Lies {distort, Int+2} (You found it on level 5 of the Dungeon)
 10522 | Lair:2   | Cast into level 2 of the Abyss (a distortion unwield)
 10594 | Lair:2   | Escaped the Abyss
 11023 | Lair:3   | Reached skill level 12 in Axes
 11236 | Lair:4   | Reached * piety under Pakellas
 11236 | Lair:4   | Received a gift from Pakellas
 11492 | Lair:4   | Reached skill level 10 in Armour
 11541 | Lair:4   | Noticed Nergalle
 11712 | Lair:4   | Got a brightly glowing plate armour
 11714 | Lair:4   | Identified the +3 plate armour of Efoybahinku {rN+ Str+4 Int-2 Dex+2} (You found it on level 4 of the Lair of Beasts)
 11857 | Lair:4   | Killed Nergalle
 11880 | Lair:4   | Found a hole to the Spider Nest.
 11963 | Lair:4   | Noticed Rupert
 11965 | Lair:4   | Paralysed by Rupert for 2 turns
 11971 | Lair:4   | Paralysed by Rupert for 4 turns
 12219 | Lair:5   | Found a snail-covered altar of Cheibriados.
 12696 | Lair:5   | Reached skill level 5 in Evocations
 12736 | Lair:5   | Noticed a five-headed hydra
 12751 | Lair:5   | Killed a five-headed hydra
 12751 | Lair:5   | Reached XP level 13. HP: 56/121 MP: 4/10
 13021 | Lair:5   | Reached skill level 13 in Axes
 13313 | Lair:4   | Paralysed by Rupert for 4 turns
 13478 | Lair:4   | Killed Rupert
 14155 | Lair:6   | Reached skill level 5 in Crossbows
 14170 | Lair:6   | Reached ** piety under Pakellas
 14170 | Lair:6   | Received a gift from Pakellas
 14859 | Lair:7   | Reached skill level 10 in Fighting
 14862 | Lair:7   | Reached *** piety under Pakellas
 14862 | Lair:7   | Received a gift from Pakellas
 14862 | Lair:7   | Reached skill level 14 in Axes
 15545 | Lair:7   | Reached **** piety under Pakellas
 15545 | Lair:7   | Received a gift from Pakellas
 15545 | Lair:7   | Gained mutation: You resist negative energy. [Deep Dwarf growth]
 15545 | Lair:7   | Reached XP level 14. HP: 57/133 MP: 11/11
 15670 | Lair:7   | Found a viscous altar of Jiyva.
 15670 | Lair:7   | Found a staircase to the Slime Pits.
 16045 | Lair:8   | Entered Level 8 of the Lair of Beasts
 16062 | Lair:8   | Got a shimmering long sword
 16644 | Lair:8   | Reached skill level 15 in Axes
 16677 | Lair:8   | Got a translucent ruby amulet
 16688 | Lair:8   | Identified the amulet "Siam" {Dismiss MP+9} (You found it on level 8 of the Lair of Beasts)
 17207 | Lair:8   | Reached ***** piety under Pakellas
 17207 | Lair:8   | Received a gift from Pakellas
 17354 | Lair:2   | Identified the +10 long sword of the Many Orbs {elec, *Confuse rN+++ Int+4 Dex+2} (You found it on level 8 of the Lair of Beasts)
 17479 | Lair:8   | Identified a +5 rod of clouds (12/12) (Pakellas gifted it to you on level 8 of the Lair of Beasts)
 17721 | Lair:8   | Got an ancient plate armour
 17744 | Lair:8   | Identified the +1 plate armour of Yxaoso {*Drain +Fly rC+ Dex+2} (You found it on level 8 of the Lair of Beasts)
 18123 | D:10     | Entered Level 10 of the Dungeon
 18551 | D:10     | Noticed Snorg
 18562 | D:10     | Killed Snorg
 18879 | D:11     | Found a staircase to the Orcish Mines.
 18882 | D:11     | Noticed Sonja
 18890 | D:11     | Killed Sonja
 19380 | D:11     | Found a bloodstained altar of Trog.
 19882 | Orc:1    | Entered Level 1 of the Orcish Mines
 19890 | Orc:1    | Noticed an orc warlord
 19902 | Orc:1    | Killed an orc warlord
 20126 | Orc:2    | Entered Level 2 of the Orcish Mines
 20237 | Orc:2    | Reached ****** piety under Pakellas
 20239 | Orc:2    | Identified a supercharged wand of heal wounds (13/13) (supercharged by Pakellas)
 20424 | Orc:1    | Found a roughly hewn altar of Beogh.
 20648 | Orc:2    | Found a roughly hewn altar of Beogh.
 20704 | Orc:2    | Reached skill level 16 in Axes
 20704 | Orc:2    | Reached XP level 15. HP: 116/142 MP: 13/13
 20798 | Orc:2    | Found Reidenij's Book Emporium.
 20819 | Orc:2    | Found Suguriz's Assorted Antiques.
 21175 | Orc:2    | Found a staircase to the Elven Halls.
 21271 | Orc:2    | Got a scintillating pewter ring
 21283 | Orc:2    | Identified the ring of the Falcon {Str+3 Dex+3 Slay+5 SInv} (You found it on level 2 of the Orcish Mines)
 21380 | Orc:2    | Found Bewed's Assorted Antiques.
 21487 | Orc:2    | Noticed an orc warlord
 21504 | Orc:2    | Killed an orc warlord
 21593 | Orc:2    | Found a roughly hewn altar of Beogh.
 21688 | Orc:2    | Found Gaufiff's Gadget Shop.
 22437 | Shoals:1 | Entered Level 1 of the Shoals
 22472 | Shoals:1 | Found a frozen archway.
 22570 | IceCv    | Entered an ice cave
 22684 | IceCv    | Demolished by an anaconda simulacrum

Skill      XL: |  1  2  3  4  5  6  7  8  9 10 11 12 13 14 15 |
---------------+----------------------------------------------+-----
Fighting       | 3 4 5 6 7 9 10 11 12 | 12.1
Armour         | 4 5 6 7 8 9 10 11 12 13 | 13.0
Dodging        | 1 2 3 4 5 6 7 |  7.2
Axes           | 3 4 5 7 8 9 11 12 14 16 | 16.8
Shields        | 4 5 6 7 9 11 | 11.1
Evocations     | 1 2 3 5 7 8 |  8.9
Stealth        | 1 3 |  3.5
Crossbows      | 2 5 6 |  6.1
Invocations    | 3 4 |  4.9

Action                   |  1- 3 |  4- 6 |  7- 9 | 10-12 | 13-15 || total
-------------------------+-------+-------+-------+-------+-------++-------
Melee: War axe           |    90 |    86 |   354 |   733 |       ||  1263
       Battleaxe         |       |       |       |   417 |   905 ||  1322
 Fire: Hand crossbow     |       |       |       |    34 |    92 ||   126
       Arbalest          |       |       |       |     7 |       ||     7
Throw: Tomahawk          |       |       |       |     1 |       ||     1
Invok: Lesser Healing    |       |       |       |    96 |       ||    96
       Heal Other        |       |       |       |     5 |       ||     5
       Quick Charge      |       |       |       |    12 |    16 ||    28
       Device Surge      |       |       |       |       |     8 ||     8
       Supercharge       |       |       |       |       |     1 ||     1
 Abil: Device Recharging |       |       |     4 |     2 |     1 ||     7
       Evoke Berserk Rag |       |       |       |       |     7 ||     7
Evoke: Wand              |     2 |     2 |    22 |    36 |    46 ||   108
       Deck              |       |       |       |     5 |       ||     5
       Rod               |       |       |       |       |    15 ||    15
  Use: Potion            |       |     1 |     7 |     5 |    14 ||    27
       Scroll            |       |       |    14 |     9 |    22 ||    45
 Stab: Confused          |       |       |       |       |     6 ||     6
       Paralysed         |       |       |       |       |     3 ||     3
  Eat: Chunk             |     1 |     3 |    12 |    38 |    40 ||    94
       Beef jerky        |       |       |       |     1 |       ||     1
       Fruit             |       |       |       |     4 |       ||     4
       Pizza             |       |       |       |     1 |     2 ||     3
       Meat ration       |       |       |       |       |     1 ||     1
Armor: Scale mail        |    42 |    46 |    91 |       |       ||   179
       Plate armour      |       |       |    58 |   833 |   613 ||  1504
       Skin              |       |       |    25 |       |       ||    25
Dodge: Dodged            |    27 |    28 |   108 |   555 |   531 ||  1249
Block: Shield            |    40 |    52 |   204 |   542 |       ||   838
